 Dungeon Crawl Stone Soup version 0.31-a0-233-g139696dc86 (webtiles) character file.

Game seed: 787744390565776651

102 qw the Shooter (level 4, -4/26 HPs)
             Began as a Gargoyle Hexslinger on July 9, 2023.
             Slain by an orc priest
             ... wielding a +0 hand axe
              (7 damage)
             ... on level 3 of the Dungeon.
             The game lasted 00:00:44 (1756 turns).

qw the Shooter (Gargoyle Hexslinger)                Turns: 1756, Time: 00:00:44

Health: -4/26      AC:  6    Str: 11    XL:     4   Next: 78%
Magic:  5/5        EV: 12    Int: 14    God:
Gold:   62         SH:  0    Dex: 14    Spells: 4/5 levels left

rFire   . . .        Y - +1 sling
rCold   . . .        (no shield)
rNeg    + . .        c - +0 robe
rPois   inf          (no helmet)
rElec   +            (no cloak)
rCorr   .            (no gloves)
SInv    .            d - +0 pair of boots
Will    .....        (no amulet)
Stlth   +            (no ring)
HPRegen 0.24/turn    (no ring)
MPRegen 0.09/turn

%: no passive effects
@: about to teleport
A: sickness immunity, AC +3, negative energy resistance 1, electricity
resistance, torment resistance 1, petrification resistance
a: no special abilities


You were on level 3 of the Dungeon.
You visited 1 branch of the dungeon, and saw 3 of its levels.

You collected 62 gold pieces.


Innate Abilities, Weirdness & Mutations

You are immune to sickness and miasma.
Your stone body is resilient. (AC +3)
You are immune to poison.
You resist negative energy. (rN+)
You are resistant to electric shocks. (rElec)
You are resistant to unholy torment.
You are immune to petrification.


   Skills:
 - Level 2.1 Fighting
 + Level 4.4 Ranged Weapons
 - Level 1.5 Dodging
 - Level 1.0 Spellcasting
 - Level 2.6 Hexes


You had 4 spell levels left.
You knew the following spells:

 Your Spells              Type           Power      Damage    Failure   Level
a - Slow                  Hex            32%        N/A       9%          1

Your spell library contained the following spells:

 Spells                   Type           Power      Damage    Failure   Level
 Inner Flame              Hex/Fire       4%         N/A       41%         3
 Portal Projectile        Hex/Tloc       8%         N/A       41%         3
 Cause Fear               Hex            4%         N/A       65%         4

Inventory:

Hand Weapons
 Y - a +1 sling (weapon)
Armour
 c - a +0 robe (worn)
 d - a +0 pair of boots (worn)
 g - a +0 ring mail
Scrolls
 a - a scroll of teleportation
Potions
 b - a potion of enlightenment {unknown}
 e - a potion of attraction {unknown}
 f - a potion of haste {unknown}
 k - 3 potions of curing

Dungeon Overview and Level Annotations

Branches:
Dungeon (3/15)

Altars:

Shops:
D:1 [


Message History

You kill the orc!
An orc priest comes into view. It is wielding a +0 hand axe.
The orc hits you but does no damage. The orc completely misses you.
You shoot a sling bullet.
The sling bullet closely misses the orc.
The orc hits you but does no damage.
You shoot a sling bullet.
The sling bullet closely misses the orc.
The orc barely misses you.
You shoot a sling bullet.
The sling bullet closely misses the orc.
The orc priest invokes the aid of Beogh against you.
Beogh smites you!
You shoot a sling bullet. The sling bullet hits the orc.
The orc is lightly wounded.
The orc misses you.
You shoot a sling bullet. The sling bullet hits the orc.
The orc is heavily wounded.
The orc barely misses you. x2
You shoot a sling bullet.
The sling bullet closely misses the orc.
The orc closely misses you.
The orc priest looks braver for a moment.
The orc hits you but does no damage.
The orc priest hits you with a +0 hand axe.
The orc closely misses you. The orc hits you with a +0 flail.
You shoot a sling bullet. The sling bullet barely misses the orc.
The orc priest barely misses you. The orc hits you with a +0 flail.
The orc hits you with a +0 short sword.
1755 ||| READING 2 scrolls of teleportation.
As you read the scroll of teleportation, it crumbles to dust.
You feel strangely unstable. The orc hits you with a +0 flail.
The orc priest hits you but does no damage.
The orc hits you but does no damage.
You shoot a sling bullet.
The sling bullet closely misses the orc.
The orc misses you.
The orc priest hits you with a +0 hand axe!
You die...

.# .# .. ###.#
# #...# #.#.#o#
#.#o#o# #...@o#
###.### ...
####.#### ....
#.......# ....
#.##.##.##.....
# #.##..#...#
#........#
####..#..#
#.#####..#..#
.#


You could see an orc priest and 3 orcs.

Vanquished Creatures
  3 adders (D:2)
  2 worms (D:2)
  2 dart slugs
  2 orcs (D:3)
  14 ball pythons
  4 endoplasms (D:1)
  2 giant cockroaches
  9 goblins
  3 hobgoblins
  5 kobolds
  4 quokkas (D:2)
  4 bats
  3 frilled lizards
  6 rats
63 creatures vanquished.

Notes
Turn   | Place    | Note
-------+----------+-------------------------------------------
     0 | D:1      | qw the Gargoyle Hexslinger began the quest for the Orb.
     0 | D:1      | Reached XP level 1. HP: 12/12 MP: 2/2
     0 | D:1      | 0 ||| qw: Version: 0.3-a-51-g015441d
     0 | D:1      | 0 ||| qw: Game counter: 3800
     0 | D:1      | 0 ||| qw: Melee chars always use a shield: true
     0 | D:1      | 0 ||| qw: God list: Okawaru
     0 | D:1      | 0 ||| qw: Allow faded altars: false
     0 | D:1      | 0 ||| qw: Do Orc after clearing Dungeon:15 true
     0 | D:1      | 0 ||| qw: Do second Lair branch before Depths: true
     0 | D:1      | 0 ||| qw: Lair rune preference: random
     0 | D:1      | 0 ||| qw: Goals: Normal
     0 | D:1      | 0 ||| PLANNING D:1-11
   138 | D:1      | Reached XP level 2. HP: 16/16 MP: 3/3
   237 | D:1      | Reached skill level 3 in Ranged Weapons
   239 | D:1      | Found Esen's Antique Armour Shop.
   242 | D:1      | 242 ||| SHOPLISTING glowing leather armour (95 gold, have
                  | 14).
   242 | D:1      | 242 ||| SHOPLISTING leather armour (38 gold, have 14).
   242 | D:1      | 242 ||| SHOPLISTING pair of boots (85 gold, have 14).
   242 | D:1      | 242 ||| SHOPLISTING ring mail (76 gold, have 14).
   242 | D:1      | 242 ||| SHOPLISTING runed leather armour (95 gold, have
                  | 14).
   314 | D:1      | Reached XP level 3. HP: 19/21 MP: 4/4
   575 | D:1      | 575 ||| READING 3 scrolls labelled HOCAPI QIMO.
   580 | D:1      | 580 ||| READING 2 scrolls labelled BOAHAI ESTEQUID.
   581 | D:1      | 581 ||| READING scroll labelled UNGURE ZESIUL.
   582 | D:1      | 582 ||| READING scroll labelled CENURIT RUPY.
   583 | D:1      | 583 ||| READING scroll labelled KITIGY GOHENE.
   584 | D:1      | 584 ||| READING scroll labelled OTULIRYAB.
   585 | D:1      | 585 ||| READING scroll labelled HITRULOPIA.
   586 | D:1      | 586 ||| DRINKING 3 purple potions.
   587 | D:1      | 587 ||| DROPPING scroll of poison.
   588 | D:1      | 588 ||| DROPPING scroll of revelation.
   659 | D:2      | Reached XP level 4. HP: 20/26 MP: 5/5
   844 | D:2      | Reached skill level 4 in Ranged Weapons
  1075 | D:2      | Found a faded altar of an unknown god.
  1387 | D:2      | 1387 ||| UPGRADING to +0 pair of boots.
  1754 | D:3      | HP: 6/26 [orc/+0 flail (1)]
  1755 | D:3      | 1755 ||| READING 2 scrolls of teleportation.
  1755 | D:3      | HP: 2/26 [orc/+0 flail (2)]
  1756 | D:3      | Slain by an orc priest

Levels and vault maps discovered:
D:1:      lightli_arrival_quake, layout_basic, serial_shops,
          nicolae_shop_tiny_real_fake_doors, minmay_close_crescents
D:2:      layout_loops_ring, shapermc_ecumenical_altar_ellora,
          kennysheep_generic_room_15
D:3:      layout_loops_cross, minitemple, hangedman_decor_growths

Skill      XL: |  1  2  3  4 |
---------------+-------------+-----
Ranged Weapons | 3 4 |  4.4
Fighting       | 2 |  2.1
Dodging        | |  1.5
Spellcasting   | |  1.0
Hexes          | |  2.6

Action                     |  1- 3 |  4- 6 || total
---------------------------+-------+-------++-------
   Fire: Sling             |    76 |    98 ||   174
    Use: Scroll            |     7 |     1 ||     8
         Potion            |     1 |       ||     1
 Armour: Robe              |    11 |    15 ||    26
  Dodge: Dodged            |    22 |    30 ||    52

Table legend:
 A = Non-vault XP
 B = Vault XP
 C = Vault XP percentage of total XP
 D = Non-vault monster count
 E = Vault monster count
 F = Vault count percentage of total count
                 A         B        C        D         E       F
            +---------+---------+-------+---------+---------+-------
      Total |     137 |      10 |   6.8 |      58 |       5 |   7.9
            +---------+---------+-------+---------+---------+-------
        D:1 |      32 |       9 |  22.0 |      22 |       4 |  15.4
        D:2 |      90 |       1 |   1.1 |      28 |       1 |   3.4
        D:3 |      15 |       0 |   0.0 |       8 |       0 |   0.0
            +---------+---------+-------+---------+---------+-------
